 Dungeon Crawl Stone Soup version 0.22-a0-354-g30dfbe6 (webtiles) character file.

646 RoseArtemis the Chopper (level 7, 0/61 HPs)
             Began as a Minotaur Fighter on Apr 16, 2018.
             Was an Initiate of Okawaru.
             Succumbed to an orc wizard's poison
             ... on level 4 of the Dungeon.
             The game lasted 00:08:54 (3833 turns).

RoseArtemis the Chopper (Minotaur Fighter)          Turns: 3833, Time: 00:08:54

Health: 0/61       AC:  8    Str: 21    XL:     7   Next: 27%
Magic:  6/6        EV: 12    Int:  6    God:    Okawaru [......]
Gold:   178        SH: 10    Dex: 15    Spells: 6/6 levels left

rFire    . . .     SeeInvis .   a - +0 broad axe
rCold    + . .     Gourm    .   c - +0 shield
rNeg     . . .     Faith    .   b - +0 scale mail
rPois    .         Spirit   .   (helmet restricted)
rElec    .         Reflect  .   (no cloak)
rCorr    .         Harm     .   (no gloves)
MR       .....                  e - +0 pair of boots
Stlth    +.........             (no amulet)
HPRegen  0.20/turn              l - ring of protection from cold
MPRegen  0.10/turn              (no ring)

@: agile, lethally poisoned (0 -> -14)
A: retaliatory headbutt, horns 2
a: Renounce Religion


You were on level 4 of the Dungeon.
You worshipped Okawaru.
Okawaru was noncommittal.
You were not hungry.

You visited 2 branches of the dungeon, and saw 5 of its levels.

You collected 178 gold pieces.

Inventory:

Hand Weapons
 a - a +0 broad axe (weapon)
Armour
 b - a +0 scale mail (worn)
 c - a +0 shield (worn)
 e - a +0 pair of boots (worn)
Jewellery
 l - a ring of protection from cold (left hand)
Wands
 p - a wand of polymorph (29)
Scrolls
 i - a scroll of immolation {!r}
 j - a scroll of fog
Potions
 d - a potion of lignification {unknown}
 g - a potion of agility
 k - a potion of curing {unknown}
 m - a potion of brilliance {unknown}
 n - a potion of resistance {unknown}
Comestibles
 f - 10 rations
 h - 3 chunks of flesh


   Skills:
 + Level 5.6 Fighting
 * Level 6.4 Axes
 + Level 5.5 Armour
 + Level 5.5 Shields


You had 6 spell levels left.
You didn't know any spells.

Dungeon Overview and Level Annotations

Branches:
Dungeon (4/15)             Temple (1/1) D:4

Altars:
Ashenzari
Cheibriados
Elyvilon
Fedhas
Gozag
Hepliaklqana
Makhleb
Nemelex Xobeh
Okawaru
Ru
Sif Muna
Trog
Wu Jian
Xom
Yredelemnul
Zin


Innate Abilities, Weirdness & Mutations

You reflexively headbutt those who attack you in melee.
You have a pair of horns on your head.


Message History

You slash the orc!
You kill the orc!
Okawaru accepts your kill.
* * * LOW HITPOINT WARNING * * *
You feel sick.
* * * LOW HITPOINT WARNING * * *
You feel sick.
* * * LOW HITPOINT WARNING * * *
You feel sick.
A magic dart appears from out of thin air!
The magic dart hits you!
Things that are here:
a dagger; a leather armour
* * * LOW HITPOINT WARNING * * *
You feel sick.
You hear some strange, mumbled words.
Something tries to affect you, but you resist.
* * * LOW HITPOINT WARNING * * *
You feel sick.
You die...

##### ##...## ##
##.....## ##.#
##.......##
##%..#######.........##
##........)............[
#......@#.#....>......##
.........#.###.......##
#.......##.# ##.....##
##......##.# ##....# ##
##...#.##.# ##.###'###.
##.##.##.. #..#.....#.
#. #.###.##..#.⌠.⌠.## ..
... .....'..>..'. . #.
.....#.⌠.⌠.#.


There were no monsters in sight!

Vanquished Creatures
  Sigmund (D:2)
  An ogre (D:4)
  2 scorpions (D:4)
  An orc wizard (D:4)
  2 hounds (D:4)
  A worker ant (D:4)
  A hound skeleton (D:4)
  Robin (D:4)
  6 adders
  An ooze (D:3)
  3 worms
  6 leopard geckos
  10 orcs (D:4)
  A ball python (D:4)
  5 giant cockroaches
  15 goblins
  7 hobgoblins
  12 jackals
  A quokka (D:3)
  4 bats
  2 frilled lizards
  A giant cockroach zombie (D:4)
  5 kobolds
  2 leopard gecko skeletons (D:4)
  6 rats
97 creatures vanquished.

Notes
Turn   | Place    | Note
-------+----------+-------------------------------------------
     0 | D:1      | RoseArtemis the Minotaur Fighter began the quest for the Orb.
     0 | D:1      | Reached XP level 1. HP: 19/19 MP: 0/0
   110 | D:1      | Reached XP level 2. HP: 25/27 MP: 1/1
   190 | D:1      | Reached skill level 3 in Axes
   535 | D:1      | Reached XP level 3. HP: 33/33 MP: 2/2
  1195 | D:2      | Noticed Sigmund
  1207 | D:2      | Killed Sigmund
  1207 | D:2      | Reached skill level 4 in Axes
  1207 | D:2      | Reached XP level 4. HP: 14/41 MP: 3/3
  1207 | D:2      | Reached XP level 5. HP: 16/47 MP: 4/4
  1216 | D:2      | Reached skill level 5 in Axes
  1708 | D:3      | Found a burning altar of Makhleb.
  1709 | D:3      | Noticed a cacodemon
  1714 | D:3      | Found a glowing silver altar of Zin.
  1714 | D:3      | Noticed an angel
  2231 | D:3      | Found a faded altar of an unknown god.
  2323 | D:4      | Reached XP level 6. HP: 28/55 MP: 5/5
  2434 | D:4      | Reached skill level 5 in Fighting
  2456 | D:4      | Reached skill level 5 in Armour
  2456 | D:4      | Reached skill level 5 in Shields
  2726 | D:4      | Found a staircase to the Ecumenical Temple.
  2735 | Temple   | Entered the Ecumenical Temple
  2902 | Temple   | Became a worshipper of Warmaster Okawaru
  2957 | D:4      | Reached skill level 6 in Axes
  3196 | D:4      | Noticed Robin
  3209 | D:4      | Killed Robin
  3209 | D:4      | Reached XP level 7. HP: 54/61 MP: 6/6
  3831 | D:4      | HP: 3/61 [poisoned by an orc wizard]
  3833 | D:4      | Succumbed to an orc wizard's poison

Vault maps used:
D:1:      nzn_arrival_depleted_hourglass
D:2:      uniq_sigmund
D:3:      grunt_temple_overflow_order_and_chaos_2,
          chequers_ecumenical_altar_lobes
D:4:      minmay_temple_entry_hall, first_ration, tgw_xom, uniq_robin
Temple:   eino_narrow_crystal_temple

Skill      XL: |  1  2  3  4  5  6 |
---------------+-------------------+-----
Axes           | 3 4 5 6 |  6.4
Fighting       | 4 5 |  5.6
Shields        | 4 5 |  5.5
Armour         | 4 5 |  5.5

Action                   |  1- 3 |  4- 6 |  7- 9 || total
-------------------------+-------+-------+-------++-------
Melee: War axe           |   110 |    51 |       ||   161
       Headbutt          |    15 |    15 |    14 ||    44
       Unarmed           |     6 |     4 |       ||    10
       Broad axe         |       |    40 |    58 ||    98
  Use: Scroll            |     1 |     7 |       ||     8
       Potion            |     1 |       |     1 ||     2
 Stab: Distracted        |       |     1 |       ||     1
  Eat: Chunk             |     1 |     6 |     3 ||    10
Armor: Scale mail        |    54 |    35 |    33 ||   122
       Skin              |       |     1 |       ||     1
Dodge: Dodged            |    32 |    21 |    10 ||    63
Block: Shield            |    42 |    54 |    32 ||   128

Table legend:
 A = Spawn XP
 B = Non-spawn XP
 C = Spawn XP percentage of total XP
 D = Spawn monster count
 E = Non-spawn monster count
 F = Spawn count percentage of total count
 G = Total turns spent on level
                    A         B        C        D         E        F      G
               +---------+---------+-------+---------+---------+-------+---------
         Total |       0 |     923 |   0.0 |       0 |      97 |   0.0 |  3833
               +---------+---------+-------+---------+---------+-------+---------
           D:1 |       0 |      49 |   0.0 |       0 |      28 |   0.0 |   721
           D:2 |       0 |     280 |   0.0 |       0 |      20 |   0.0 |   885
           D:3 |       0 |      47 |   0.0 |       0 |       9 |   0.0 |   672
           D:4 |       0 |     547 |   0.0 |       0 |      40 |   0.0 |  1372
               +---------+---------+-------+---------+---------+-------+---------
